 Dungeon Crawl Stone Soup version 0.31.0-32-g396128a36d (webtiles) character file.

Game seed: 16041796081011757472

108 spaghetti the Slasher (level 4, -2/28 HPs)
             Began as a Tengu Chaos Knight on Apr 2, 2024.
             Was a Plaything of Xom.
             Slain by Crazy Yiuf
             ... wielding a +4 quarterstaff of chaos
              (8 damage)
             ... on level 2 of the Dungeon.
             The game lasted 00:01:43 (1045 turns).

spaghetti the Slasher (Tengu Chaos Knight)          Turns: 1045, Time: 00:01:44

Health: -2/28      AC:  5    Str: 12    XL:     4   Next: 87%
Magic:  14/14      EV: 28    Int: 12    God:    Xom [..*...]
Gold:   118        SH:  0    Dex: 20    Spells: 3/3 levels left

rFire   . . .        i - +5 dagger "Suot Ken" {heavy, MP+9 Dex+4}
rCold   . . .        (no shield)
rNeg    . . .        b - +2 leather armour
rPois   .            (helmet restricted)
rElec   .            (no cloak)
rCorr   .            (no gloves)
SInv    .            (boots unavailable)
Will    .....        e - amulet of magic regeneration
Stlth   +            (no ring)
HPRegen 0.24/turn    (no ring)
MPRegen 0.54/turn

%: acrobat
@: acrobatic
A: beak, talons 3, acrobatic
a: Renounce Religion


You were on level 2 of the Dungeon.
You worshipped Xom.
You were a toy of Xom.
You visited 1 branch of the dungeon, and saw 2 of its levels.

You collected 118 gold pieces.

Inventory:

Hand Weapons
 a - a +0 falchion of chaos
 i - the +5 dagger "Suot Ken" (weapon) {heavy, MP+9 Dex+4}
   (You found it on level 2 of the Dungeon)

   Dex+4:     It affects your dexterity (+4).
   MP+9:      It affects your magic capacity (+9).
Armour
 b - a +2 leather armour (worn)
Jewellery
 e - an amulet of magic regeneration (around neck)
Scrolls
 c - a scroll of butterflies
 d - 3 scrolls of identify
 f - a scroll of revelation
 g - a scroll of teleportation
 h - a scroll of enchant weapon
 j - a scroll of fear


   Skills:
 - Level 3.0 Fighting
 + Level 5.1 Long Blades
 - Level 2.1 Armour
 + Level 3.0 Dodging


You had 3 spell levels left.
You didn't know any spells.
Your spell library was empty.

Dungeon Overview and Level Annotations

Branches:
Dungeon (2/15)

Altars:

Annotations:
D:2 Crazy Yiuf


Innate Abilities, Weirdness & Mutations

You have a beak for a mouth.
You have claws for feet.
You can magically evade attacks while moving or waiting.


Message History

No target in view!
No target in view!
No target in view!
No target in view!
No target in view!
No target in view!
No target in view!
No target in view!
It was a potion of heal wounds.
You feel much better.
Xom is interested.
Crazy Yiuf shouts!
As you read the scroll labelled LUMEIREISE, it crumbles to dust.
It is a scroll of identify.
f - a scroll of revelation Xom is amused.
As you read the scroll of identify, it crumbles to dust.
g - a scroll of teleportation Crazy Yiuf considers dialectic materialism.
As you read the scroll of identify, it crumbles to dust.
h - a scroll of enchant weapon
As you read the scroll of identify, it crumbles to dust.
j - a scroll of fear You aren't carrying any potions.
As you open the door, it creaks loudly!
You hit Crazy Yiuf. You claw Crazy Yiuf, but do no damage.
Crazy Yiuf is moderately wounded.
Crazy Yiuf misses you. Crazy Yiuf closely misses you.
You puncture Crazy Yiuf! Your kick misses Crazy Yiuf.
Crazy Yiuf is severely wounded.
Crazy Yiuf hits you with a +4 quarterstaff of chaos.
You are electrocuted!!
Ouch! That really hurt!
* * * LOW HITPOINT WARNING * * *
Crazy Yiuf says, "Reason is nothing but a wonderful and unintelligible instinct in our souls."
Crazy Yiuf flaps his cloak.
Crazy Yiuf says, "The present is the child, and the necessary child, of all the past, and the mother of all the future."
Crazy Yiuf attacks as he pursues you! Crazy Yiuf misses you.
Crazy Yiuf attacks as he pursues you!
Crazy Yiuf hits you with a +4 quarterstaff of chaos!
You die...

.<.# #....# ...# #....# ...#
#....# ...# #....##♣♣ ### ...##
#.......♣♣ ♣♣#..)# ....##
#........♣♣♣♣.'...# .....##
#.........♣..♣#...# ...#..####
#....g...♣.♣♣♣ ###
...##....####...@##♣♣♣♣♣
##.#####...##....# #.#
###.####.## ## ## #.# #...##.#
... ..## #.# ###....# #.# ...
##.# ##.....# ##.##...
...##########..##.#####..#..# #
#.....................#...). .#
##.#########..###.###.....##..###


You could see Crazy Yiuf.

Vanquished Creatures
  Terence (D:2)
  Jessica (D:2)
  2 adders (D:2)
  2 ball pythons
  5 endoplasms
  2 giant cockroaches (D:1)
  4 goblins
  3 hobgoblins
  3 jackals (D:2)
  3 kobolds (D:1)
  2 quokkas (D:1)
  2 bats
  A frilled lizard (D:1)
  3 rats
34 creatures vanquished.

Notes
Turn   | Place    | Note
-------+----------+-------------------------------------------
     0 | D:1      | spaghetti the Tengu Chaos Knight began the quest for the
                  | Orb.
     0 | D:1      | Reached XP level 1. HP: 14/14 MP: 2/2
    54 | D:1      | Reached XP level 2. HP: 9/19 MP: 3/3
   114 | D:1      | Found a faded altar of an unknown god.
   123 | D:1      | Reached skill level 4 in Long Blades
   507 | D:1      | Reached XP level 3. HP: 23/23 MP: 4/4
   669 | D:2      | Identified the +5 dagger "Suot Ken" {heavy, MP+9 Dex+4}
   768 | D:2      | Noticed Jessica
   771 | D:2      | Killed Jessica
   774 | D:2      | Reached XP level 4. HP: 26/28 MP: 5/5
   840 | D:2      | Noticed Terence
   852 | D:2      | Killed Terence
   853 | D:2      | Reached skill level 5 in Long Blades
   969 | D:2      | XOM is BORED!
   969 | D:2      | XOM: silly message
  1025 | D:2      | Found a runed translucent door.
  1026 | D:2      | Noticed Crazy Yiuf
  1045 | D:2      | Slain by Crazy Yiuf

Illustrated notes

Levels and vault maps discovered:
D:1:      kennysheep_arrival_seaside, layout_rooms, basic_ecumenical_altar,
          minivault_27
D:2:      layout_rooms, supply_closet_lemuel, st_stairs_12, uniq_terence,
          uniq_crazy_yiuf_cottage, uniq_jessica

Skill      XL: |  1  2  3  4 |
---------------+-------------+-----
Long Blades    | 4 5 |  5.1
Dodging        | 2 3 |  3.0
Fighting       | |  3.0
Armour         | |  2.1

Action                     |  1- 3 |  4- 6 || total
---------------------------+-------+-------++-------
  Melee: Falchion          |    45 |       ||    45
         Kick              |     6 |     7 ||    13
         Peck              |     6 |     3 ||     9
         Dagger            |     3 |    24 ||    27
         Punch             |       |     1 ||     1
    Use: Scroll            |       |     4 ||     4
         Potion            |       |     1 ||     1
   Stab: Sleeping          |     1 |       ||     1
 Armour: Leather armour    |    20 |    17 ||    37
  Dodge: Dodged            |    29 |    22 ||    51
